 Dungeon Crawl Stone Soup version 0.27.1-34-g3ba077fa99 (webtiles) character file.

Game seed: 6781750102642811786

31 szrap the Magician (level 3, 27/27 HPs)
             Began as a Djinni Fire Elementalist on Jan 27, 2022.
             Quit the game on level 2 of the Dungeon on Feb 15, 2022.
             The game lasted 00:03:47 (2206 turns).

szrap the Magician (Djinni Fire Elementalist)       Turns: 2206, Time: 00:03:48

Health: 27/27      AC:  3    Str:  7    XL:     3   Next: 40%
Gold:   37         EV: 12    Int: 17    God:
                   SH:  0    Dex: 13

rFire    + + .     SeeInvis .   e - +0 dagger (venom)
rCold    x . .     Faith    .   (no shield)
rNeg     . . .     Spirit   .   a - +0 robe
rPois    ∞         Reflect  .   (no helmet)
rElec    .         Harm     .   (no cloak)
rCorr    .         Rampage  .   c - +0 pair of gloves
Will     .....                  (boots unavailable)
Stlth    ++........             (no amulet)
HPRegen  0.09/turn              (no ring)
MPRegen  0.00/turn              (no ring)

@: flying
A: sickness immunity, fire resistance 2, cold vulnerability 1, float, innate
caster, hp casting, extra vitality 1
a: no special abilities


You were on level 2 of the Dungeon.
You visited 1 branch of the dungeon, and saw 2 of its levels.

You collected 37 gold pieces.

Inventory:

Hand Weapons
 e - a +0 dagger of venom (weapon)
Armour
 a - a +0 robe (worn)
 c - a +0 pair of gloves (worn)
 g - a +0 buckler
Scrolls
 d - a scroll of vulnerability {unknown}
 f - a scroll of enchant armour {unknown}
 h - a scroll of blinking {unknown}
Potions
 b - a potion of curing {unknown}


   Skills:
 * Level 1.1 Fighting
 + Level 2.5 Dodging
 - Level 1.5 Stealth
 + Level 3.0 Spellcasting


You couldn't memorise any spells.
You knew the following spells:

 Your Spells              Type           Power      Damage    Failure   Level
a - Foxfire               Conj/Fire      52%        2x1d6     4%          1
b - Conjure Flame         Conj/Fire      13%        6-21      16%         3
c - Inner Flame           Hex/Fire       13%        N/A       16%         3
d - Sticky Flame          Conj/Fire      13%        2d4       45%         4
e - Fireball              Conj/Fire      6%         3d5       80%         5
f - Sandblast             Erth           26%        2d8       4%          1
Your spell library was empty.

Dungeon Overview and Level Annotations

Branches:
Dungeon (2/15)

Altars:


Innate Abilities, Weirdness & Mutations

You are immune to sickness and miasma.
You are immune to poison.
Your flesh is very heat resistant. (rF++)
You are vulnerable to cold. (rC-)
You float through the air rather than walking.
You learn spells naturally, not from books.
Your magical power is your life essence.
You have superior vitality. (+4 HP)


Message History

You kill the endoplasm!
You start resting.
HP restored.
f - a scroll labelled RAZAEM XUSAITH
Found a robe.
Found a stone staircase leading down.
A rat comes into view.
You see here a +0 robe.
You hit the rat.
The rat is poisoned.
The rat is moderately wounded.
The rat bites you but does no damage.
Casting: Foxfire (safe; 4% risk of failure)
Confirm with . or Enter, or press ? or * to list all spells.
Okay, then.
You kill the rat!
You see here a +0 robe.
You see here a rat corpse.
Found a pair of gloves.
You see here a +0 pair of gloves.
Found 6 gold pieces and a robe.
You now have 27 gold pieces (gained 6).
You see here a +0 robe.
Found a stone staircase leading down.
Found a buckler.
Found 15 arrows.
You see here a +0 buckler.
You see here 15 arrows.
Found 10 gold pieces.
Search for what [Enter for "glove", or ? for help]? buckler You see here 15 arrows.
You see here a +0 buckler.
g - a +0 buckler You see here 15 arrows.
You now have 37 gold pieces (gained 10).
Found a stone staircase leading down.
Found a scroll labelled VAVUHA ABELEO.
h - a scroll labelled VAVUHA ABELEO Saving game... please wait.
Welcome back, szrap the Djinni Fire Elementalist.
Press ? for a list of commands and other information.
Are you sure you want to abandon this character and quit the game? (Confirm with "yes".)

#.####### #.......#
#@# #.# #.# #.# #.#
################.###
..................>#
####.###.####.##.#.#
#.# #.# #.##.#.#


There were no monsters in sight!

Vanquished Creatures
  A dart slug (D:1)
  7 bats (D:1)
  3 endoplasms
  A goblin (D:1)
  2 hobgoblins
  3 jackals (D:1)
  2 quokkas (D:1)
  2 ball pythons (D:1)
  2 kobolds (D:1)
  4 rats
27 creatures vanquished.

Vanquished Creatures (others)
  55 foxfires
55 creatures vanquished.

Grand Total: 82 creatures vanquished

Notes
Turn   | Place    | Note
-------+----------+-------------------------------------------
     0 | D:1      | szrap the Djinni Fire Elementalist began the quest for the
                  | Orb.
     0 | D:1      | Reached XP level 1. HP: 15/15 MP: 0/0
   450 | D:1      | Reached XP level 2. HP: 19/22 MP: 0/0
  1073 | D:1      | Reached XP level 3. HP: 25/26 MP: 0/0
  1073 | D:1      | Learned a level 1 spell: Sandblast
  1220 | D:1      | Reached skill level 1 in Fighting
  1220 | D:1      | Reached skill level 3 in Spellcasting
  2206 | D:2      | Quit the game

Illustrated notes

Levels and vault maps discovered:
D:1:      lightli_arrival_statue_moat, layout_basic
D:2:      layout_basic, shapermc_ecumenical_altar_mp_vishouse

Skill      XL: |  1  2  3 |
---------------+----------+-----
Fighting       | 1 |  1.1
Spellcasting   | 3 |  3.0
Dodging        | |  2.5
Stealth        | |  1.5

Action                   || total
-------------------------++-------
Melee: Dagger            ||     4
 Cast: Foxfire           ||    48
Armor: Robe              ||     9
Dodge: Dodged            ||    24
